 Dungeon Crawl Stone Soup version 0.29.0-5-ge4962eb29e (webtiles) character file.

Game seed: 13804416116979138155

1877 Slocknog the Grappler (level 8, -3/87 HPs)
             Began as a Troll Monk on Aug 28, 2022.
             Was an Elder of the Shining One.
             Slain by a gnoll
             ... wielding a +0 halberd
             ... led by a gnoll bouda
              (9 damage)
             ... on level 7 of the Dungeon.
             The game lasted 00:15:35 (4693 turns).

Slocknog the Grappler (Troll Monk)                  Turns: 4693, Time: 00:15:36

Health: -3/87      AC:  4    Str: 22    XL:     8   Next: 91%
Magic:  7/7        EV: 10    Int:  6    God:    the Shining One [****..]
Gold:   373        SH:  0    Dex: 12    Spells: 5/7 levels left

rFire   + . .      SeeInvis .     - Unarmed
rCold   . . .      Faith    .   (no shield)
rNeg    + + .      Spirit   .   a - +0 robe
rPois   .          Reflect  .   (helmet restricted)
rElec   .          Harm     .   (no cloak)
rCorr   .          Rampage  .   (gloves unavailable)
Will    .....                   (boots unavailable)
Stlth   +.........              (no amulet)
HPRegen 1.04/turn               o - ring of protection from fire
MPRegen 0.10/turn               w - ring of flight

@: confused, divinely shielded, ambrosia-drunk, flying, glowing
A: large, unfitting armour, claws 3, regeneration 1, shaggy fur 1, tough skin 1
a: Renounce Religion, Divine Shield, Cleansing Flame


You were on level 7 of the Dungeon.
You worshipped the Shining One.
The Shining One was greatly pleased with you.
You visited 1 branch of the dungeon, and saw 7 of its levels.
You also visited: Sewer.

You collected 373 gold pieces.

Inventory:

Armour
 a - a +0 robe (worn)
Magical Staves
 G - a staff of air
Jewellery
 d - a +6 ring of intelligence
 n - a ring of poison resistance
 o - a ring of protection from fire (left claw)
 r - a ring of see invisible
 w - a ring of flight (right claw)
 E - a ring of poison resistance
Wands
 y - a wand of flame (20)
 C - a wand of acid (7)
 F - a wand of polymorph (11)
Scrolls
 e - 3 scrolls of immolation {unknown}
 f - 3 scrolls of teleportation {unknown}
 g - 8 scrolls of identify {unknown}
 j - 2 scrolls of amnesia {unknown}
 l - 2 scrolls of blinking
 p - 2 scrolls of fear {unknown}
 s - a scroll of vulnerability {unknown}
 t - a scroll of torment {unknown}
 u - a scroll of poison {unknown}
 x - 2 scrolls of noise {unknown}
 B - a scroll of butterflies {unknown}
 D - a scroll of brand weapon {unknown}
Potions
 c - a potion of attraction {unknown}
 h - 2 potions of degeneration {unknown}
 i - 3 potions of berserk rage {unknown}
 k - a potion of curing {unknown}
 m - a potion of flight {unknown}
 q - 2 potions of haste {unknown}
 v - a potion of magic
 z - 2 potions of heal wounds {unknown}
 A - a potion of mutation {unknown}
 H - 2 potions of brilliance {unknown}


   Skills:
 + Level 7.3 Fighting
 - Level 2.4 Dodging
 - Level 1.0 Stealth
 + Level 8.7 Unarmed Combat


You had 5 spell levels left.
You knew the following spells:

 Your Spells              Type           Power      Damage    Failure   Level
a - Wereblood             Tmut           0%         N/A       58%         2

Your spell library contained the following spells:

 Spells                   Type           Power      Damage    Failure   Level
 Apportation              Tloc           0%         N/A       45%         1
 Necrotise                Necr           0%         1d4       45%         1
 Summon Small Mammal      Summ           0%         N/A       45%         1
 Sublimation of Blood     Necr           0%         N/A       58%         2
 Conjure Flame            Conj/Fire      0%         6-21      83%         3
 Dazzling Flash           Conj/Hex       0%         N/A       83%         3
 Frozen Ramparts          Ice            0%         1d1       83%         3
 Ignite Poison            Fire/Tmut/Pois 0%         N/A       83%         3
 Ice Form                 Ice/Tmut       0%         N/A       99%         4
 Iskenderun's Mystic Bla  Conj/Tloc      0%         2d3       99%         4
 Sticky Flame             Conj/Fire      0%         2d3       99%         4
 Summon Ice Beast         Ice/Summ       0%         N/A       99%         4
 Starburst                Conj/Fire      0%         6d3       100%        6
 Summon Hydra             Summ           0%         N/A       100%        7


Dungeon Overview and Level Annotations

Branches:
Dungeon (7/15)              Sewer (visited)
 Temple: D:4-7

Altars:
Ashenzari
Kikubaaqudgha
Makhleb
Vehumet
Wu Jian
Yredelemnul
The Shining One

Annotations:
D:7 Joseph


Innate Abilities, Weirdness & Mutations

You are too large for most types of armour.
You have claws for hands.
Your natural rate of healing is unusually fast.
You are covered in fur. (AC +1)
You have tough skin. (AC +1)


Message History

The gnoll misses you. You block the gnoll's attack.
You mangle the gnoll!!
You kill the gnoll!
The gnoll hits you from afar with a +0 halberd.
The gnoll hits you with a +0 club! You block the gnoll bouda's attack.
The gnoll barely misses you.
Joseph zaps a wand.
Your will is overpowered!
You are confused.
The gnoll attacks as you move away! The gnoll barely misses you.
The gnoll bouda attacks as you move away!
The gnoll bouda hits you but does no damage.
Your attacks no longer feel as feeble.
The gnoll hits you from afar with a +0 halberd!
You're too confused to move!
The gnoll hits you with a +0 club. The gnoll closely misses you.
The gnoll bouda closely misses you. The gnoll barely misses you.
The gnoll bouda attacks as you move away!
The gnoll bouda hits you with a +0 whip!
The gnoll closely misses you.
The gnoll hits you from afar with a +0 halberd!
* * * LOW HITPOINT WARNING * * *
Okay, then.
You are more confused.
You feel invigorated. The gnoll closely misses you.
The gnoll hits you with a +0 club.
* * * LOW HITPOINT WARNING * * *
The gnoll bouda hits you but does no damage.
Joseph unwields a +0 sling.
Joseph wields a +2 quarterstaff of speed.
Joseph hits you with a +2 quarterstaff of speed.
* * * LOW HITPOINT WARNING * * *
The gnoll hits you from afar with a +0 halberd!
* * * LOW HITPOINT WARNING * * *
Okay, then.
You are too confused!
It was a potion of magic.
Magic courses through your body. The gnoll hits you but does no damage.
The gnoll bouda closely misses you.
Joseph hits you with a +2 quarterstaff of speed!
* * * LOW HITPOINT WARNING * * *
The gnoll hits you from afar with a +0 halberd!
You die...

............?.#
#..............
#..........?...
#.............
#.............
#............
#...)g.......
#.@gg..<...#
#.@g.......#
##........##
##########


You could see Joseph, a gnoll bouda and 3 gnolls.

Vanquished Creatures
  An unseen horror (D:5)
  Sigmund (D:6)
  A wyvern (D:5)
  A water moccasin (D:6)
  An ogre (D:4)
  A phantom (D:5)
  A centaur (D:6)
  2 bullfrogs
  2 scorpions
  A howler monkey (D:6)
  2 jellies
  An orc priest (D:6)
  3 hounds
  2 iguanas
  Natasha (thrice) (D:4)
  An orc wizard (D:6)
  8 gnolls
  10 adders
  A river rat (D:4)
  2 white imps
  5 dart slugs
  11 orcs
  19 ball pythons
  4 bats
  16 endoplasms
  11 giant cockroaches
  9 goblins
  5 hobgoblins
  4 jackals (D:5)
  5 kobolds
  10 quokkas
  15 frilled lizards
  11 rats
170 creatures vanquished.

Vanquished Creatures (others)
  An orc wizard (D:7)
  3 orcs (D:7)
4 creatures vanquished.

Grand Total: 174 creatures vanquished

Notes
Turn   | Place    | Note
-------+----------+-------------------------------------------
     0 | D:1      | Slocknog the Troll Monk began the quest for the Orb.
     0 | D:1      | Reached XP level 1. HP: 22/22 MP: 0/0
    51 | D:1      | You fall into a shaft and drop 1 floor!
    86 | D:1      | Reached XP level 2. HP: 29/29 MP: 1/1
   230 | D:1      | Found a faded altar of an unknown god.
   234 | D:1      | Prayed at the altar of an unknown god.
   234 | D:1      | Became a worshipper of the Shining One
   234 | D:1      | Reached * piety under the Shining One
   234 | D:1      | Reached ** piety under the Shining One
   519 | D:1      | Reached XP level 3. HP: 37/37 MP: 2/2
   770 | D:2      | Reached *** piety under the Shining One
  1183 | D:2      | Reached skill level 4 in Unarmed Combat
  1328 | D:3      | Found a radiant altar of Vehumet.
  1443 | D:3      | Reached XP level 4. HP: 45/45 MP: 3/3
  1955 | D:4      | Noticed Natasha
  1962 | D:4      | Killed Natasha
  1985 | D:4      | Reached XP level 5. HP: 30/54 MP: 4/4
  2031 | D:4      | Noticed an ogre
  2039 | D:4      | Killed an ogre
  2040 | D:4      | Reached skill level 5 in Unarmed Combat
  2075 | D:4      | Noticed Natasha
  2078 | D:4      | Killed Natasha
  2079 | D:4      | Reached XP level 6. HP: 57/63 MP: 5/5
  2448 | D:4      | Noticed Natasha
  2451 | D:4      | Found a glowing drain.
  2470 | D:4      | Killed Natasha
  2490 | Sewer    | Entered a sewer
  2697 | Sewer    | Reached skill level 5 in Fighting
  2697 | Sewer    | Reached skill level 6 in Unarmed Combat
  2697 | Sewer    | Reached XP level 7. HP: 31/72 MP: 6/6
  2724 | Sewer    | Learned a level 2 spell: Wereblood
  3014 | D:5      | Entered Level 5 of the Dungeon
  3050 | D:5      | Noticed an unseen horror
  3055 | D:5      | Killed an unseen horror
  3060 | D:5      | Reached **** piety under the Shining One
  3070 | D:5      | Reached skill level 7 in Unarmed Combat
  3093 | D:5      | Found a basalt altar of Yredelemnul.
  3137 | D:5      | Noticed a wyvern
  3144 | D:5      | Killed a wyvern
  3145 | D:5      | Reached XP level 8. HP: 43/83 MP: 7/7
  3351 | D:5      | Found an ancient bone altar of Kikubaaqudgha.
  3856 | D:5      | Found an ornate altar of the Wu Jian Council.
  3861 | D:5      | Found a broken altar of Ashenzari.
  4067 | D:6      | Found a burning altar of Makhleb.
  4141 | D:6      | Reached skill level 8 in Unarmed Combat
  4158 | D:6      | Noticed Sigmund
  4162 | D:6      | Killed Sigmund
  4682 | D:7      | Noticed Joseph
  4693 | D:7      | Slain by a gnoll

Illustrated notes

Levels and vault maps discovered:
D:1:      arrival_zaba_pyramid, layout_basic, basic_ecumenical_altar
D:2:      minmay_angry_zag, layout_loops_cross
D:3:      layout_loops_ring, mainiacjoe_overflow_alcove_2
D:4:      layout_loops_ring, portal_sewer_entry_b, uniq_natasha
D:5:      layout_basic, minitemple, kennysheep_little_box, lemuel_round_altar
D:6:      layout_layer_cave, general_overflow_altar,
          chequers_serial_rivers_room_a, uniq_sigmund
D:7:      layout_cave_pods, hangedman_ru_absence, nemelex_diamond_rough_becter,
          minmay_temple_entry_hall, lemuel_flamethrower_2, uniq_duvessa,
          uniq_joseph

Skill      XL: |  1  2  3  4  5  6  7  8 |
---------------+-------------------------+-----
Fighting       | 3 4 5 6 7 |  7.3
Unarmed Combat | 4 5 6 7 8 |  8.7
Dodging        | |  2.4
Stealth        | |  1.0

Action                   |  1- 3 |  4- 6 |  7- 9 || total
-------------------------+-------+-------+-------++-------
Melee: Unarmed           |    87 |   153 |    89 ||   329
       Punch             |       |     4 |     2 ||     6
Invok: Divine Shield     |       |       |     1 ||     1
  Use: Potion            |       |       |     2 ||     2
 Stab: Sleeping          |     2 |       |       ||     2
Armor: Robe              |    34 |    43 |    20 ||    97
Dodge: Dodged            |    40 |    84 |    48 ||   172
Block: Other             |       |       |     5 ||     5
